 Dungeon Crawl Stone Soup version 0.29.1-12-g30fa7ad0bf (webtiles) character file.

Game seed: 5326078328474878254

3 hawla the Chiller (level 1, -1/14 HPs)
             Began as a Meteoran Ice Elementalist on Jan 9, 2023.
             Slain by a rat (3 damage)
             ... on level 1 of the Dungeon.
             The game lasted 00:00:28 (62 turns).

hawla the Chiller (Meteoran Ice Elementalist)         Turns: 62, Time: 00:00:28

Health: -1/14      AC:  2    Str:  9    XL:     1   Next: 71%
Magic:  5/5        EV: 12    Int: 16    God:
Gold:   0          SH:  0    Dex: 14    Spells: 4/5 levels left

rFire   . . .      SeeInvis .   (no weapon)
rCold   . . .      Faith    .   (no shield)
rNeg    . . .      Spirit   .   a - +0 robe
rPois   .          Reflect  .   (no helmet)
rElec   .          Harm     .   (no cloak)
rCorr   .          Rampage  .   (no gloves)
Will    .....                   (no boots)
Stlth   +.........              (no amulet)
HPRegen 0.04/turn               (no ring)
MPRegen 0.09/turn               (no ring)

@: glowing
A: sense surroundings 1, otherworldly, glowing, explore regen
a: no special abilities


You were on level 1 of the Dungeon.
You visited 1 branch of the dungeon, and saw 1 of its levels.

Inventory:

Armour
 a - a +0 robe (worn)


   Skills:
 + Level 2.4 Dodging
 - Level 1.4 Stealth
 + Level 2.7 Spellcasting
 + Level 4.5 Ice Magic


You had 4 spell levels left.
You knew the following spells:

 Your Spells              Type           Power      Damage    Failure   Level
a - Freeze                Ice            64%        1d8       3%          1

Your spell library contained the following spells:

 Spells                   Type           Power      Damage    Failure   Level
 Frozen Ramparts          Ice            32%        1d5       9%          3
 Ozocubu's Armour         Ice            16%        N/A       9%          3
 Hailstorm                Conj/Ice       9%         3d4       58%         4


Dungeon Overview and Level Annotations

Branches:
Dungeon (1/15) Zot: 537

Altars:


Innate Abilities, Weirdness & Mutations

You passively map a small area around you.
You are easily found by Zot.
You glow in the dark.
You regain HP and MP as you explore.


Message History

The jackal bites you but does no damage.
The jackal attacks as you move away! The jackal bites you.
A dart slug comes into view.
The jackal bites you.
Found 3 scrolls labelled URYRIO DUXZASI.
Casting: Freeze (safe; 3% risk of failure)
Confirm with . or Enter, or press ? or * to list all spells.
Aiming: Freeze (safe; 3% risk of failure)
Press: ? - help, Shift-Dir - straight line, f - jackal
Aim: a jackal You freeze the jackal.
The jackal is heavily wounded.
The jackal misses you. The jackal closely misses you. x2
Unknown command.
The jackal attacks as you move away! The jackal barely misses you.
The jackal bites you. The rat barely misses you. The jackal closely misses you.
The jackal bites you.
A bat comes into view.
The rat attacks as you move away! The rat misses you. The jackal bites you.
The jackal closely misses you.
You barely miss the bat. The bat hits you but does no damage.
The jackal barely misses you. x2; The rat bites you.
The bat hits you but does no damage. x2; The jackal bites you.
The jackal bites you but does no damage.
Casting: Freeze (safe; 3% risk of failure)
Confirm with . or Enter, or press ? or * to list all spells.
Aiming: Freeze (safe; 3% risk of failure)
Press: ? - help, Shift-Dir - straight line, f/p - jackal
Aim: a jackal (heavily wounded)
You freeze the jackal.
The jackal is almost dead.
The bat hits you but does no damage. The jackal bites you.
* * * LOW HITPOINT WARNING * * *
The jackal barely misses you. The rat misses you.
You aren't carrying any scrolls.
Magic courses through your body. The bat hits you but does no damage.
The jackal misses you. The jackal bites you.
* * * LOW HITPOINT WARNING * * *
The rat bites you.
You die...

..... #[# ,* *
......#.###+####* *
......#.#......
......†.+..... *##*
......#.#,... ...
.....##.#,#.#####...,
........#+#........ ,
####.#......r.b# , *
,, ..,#.....wh@.# ##
#......h..# ,
.............#
#....♣.......# *
##....P......# ,
#..♣♣.......# *
#...P?.######
##....## * , ,


You could see a dart slug, 2 jackals, a bat and a rat.

Vanquished Creatures
  An endoplasm (D:1)
  A jackal (D:1)
  A frilled lizard (D:1)
3 creatures vanquished.

Notes
Turn   | Place    | Note
-------+----------+-------------------------------------------
     0 | D:1      | hawla the Meteoran Ice Elementalist began the quest for the
                  | Orb.
     0 | D:1      | Reached XP level 1. HP: 14/14 MP: 5/5
    62 | D:1      | Slain by a rat

Illustrated notes

Levels and vault maps discovered:
D:1:      reono_arrival_mine, layout_basic, basic_ecumenical_altar,
          serial_park_tiny_2, solitary_fountain, minmay_small_reverse_x

Action                   || total
-------------------------++-------
Melee: Unarmed           ||     1
 Cast: Freeze            ||     7
  Use: Potion            ||     1
Armor: Robe              ||     7
Dodge: Dodged            ||    14
